 Dungeon Crawl Stone Soup version 0.29.1-15-g9cfb28693d (webtiles) character file.

Game seed: 770966106630717023

1644 arijan the Digger (level 8, -2/74 HPs)
             Began as a Troll Earth Elementalist on Apr 23, 2023.
             Was an Initiate of Qazlal.
             Slain by rlgrobin's ghost (5 damage)
             ... on level 6 of the Dungeon.
             The game lasted 00:47:32 (6631 turns).

arijan the Digger (Troll Earth Elementalist)        Turns: 6631, Time: 00:47:33

Health: -2/74      AC:  9    Str: 17    XL:     8   Next: 67%
Magic:  0/12       EV: 10    Int: 13    God:    Qazlal [......]
Gold:   230        SH:  0    Dex: 10    Spells: 5/13 levels left

rFire   + + .      SeeInvis .   w - +5 flail "Kiowkij" {holy, rElec rF+}
rCold   x . .      Faith    .   (no shield)
rNeg    . . .      Spirit   +   a - +0 robe
rPois   .          Reflect  .   (helmet restricted)
rElec   +          Harm     .   (no cloak)
rCorr   .          Rampage  .   (gloves unavailable)
Will    .....                   (boots unavailable)
Stlth   ++........              f - amulet of guardian spirit
HPRegen 1.02/turn               B - ring of wizardry
MPRegen 0.13/turn               A - ring of fire

@: ice-armoured
A: large, unfitting armour, claws 3, regeneration 1, shaggy fur 1, tough skin 1
a: Renounce Religion


You were on level 6 of the Dungeon.
You worshipped Qazlal.
Qazlal was noncommittal.
You visited 1 branch of the dungeon, and saw 6 of its levels.

You collected 230 gold pieces.

Inventory:

Hand Weapons
 c - a +0 mace
 d - a +2 dagger of venom
 h - a +0 giant club
 k - a +0 dagger of venom
 m - a +0 whip
 q - a +0 dagger
 v - a +0 short sword of venom
 w - the +5 flail "Kiowkij" (weapon) {holy, rElec rF+}
   (You found it on level 3 of the Dungeon)

   It has been blessed by the Shining One to cause great damage to the undead
   and demons.
   rF:        It protects you from fire.
   rElec:     It insulates you from electricity.
 R - a +3 quarterstaff of chaos
 T - a +0 hammer
Missiles
 g - a throwing net
 o - 40 stones
 r - 8 poisoned darts
Armour
 a - a +0 robe (worn)
 Q - the +18 Lear's hauberk
   (You found it on level 6 of the Dungeon)
 S - a +0 cloak
Magical Staves
 E - a staff of poison
Jewellery
 f - an amulet of guardian spirit (around neck)
 A - a ring of fire (right claw)
 B - a ring of wizardry (left claw)
 M - a ring of protection from cold
 N - a ring of poison resistance
Wands
 x - a wand of digging (5)
 P - a wand of flame (12)
Scrolls
 e - a scroll of poison
 i - 3 scrolls of vulnerability {unknown}
 j - 7 scrolls of identify {unknown}
 l - a scroll of magic mapping
 s - 2 scrolls of noise {unknown}
 t - a scroll of silence {unknown}
 D - a scroll of acquirement {unknown}
 F - a scroll of summoning {unknown}
 J - a scroll of fear
 K - a scroll of amnesia {unknown}
 L - a scroll of enchant weapon {unknown}
Potions
 b - a potion of magic
 n - a potion of mutation {unknown}
 p - 3 potions of attraction {unknown}
 u - 3 potions of flight {unknown}
 z - 3 potions of degeneration {unknown}
 C - 5 potions of brilliance {unknown}
 G - a potion of might
 H - 2 potions of heal wounds {unknown}
 I - 2 potions of curing {unknown}
 O - 2 potions of haste {unknown}


   Skills:
 + Level 2.5 Fighting
 + Level 4.7 Maces & Flails
 + Level 3.3 Dodging
 + Level 2.1 Stealth
 * Level 3.4 Spellcasting
 + Level 0.7 Transmutations
 + Level 0.5 Ice Magic
 + Level 5.1 Earth Magic
 + Level 1.6 Evocations


You had 5 spell levels left.
You knew the following spells:

 Your Spells              Type           Power      Damage    Failure   Level
a - Sandblast             Erth           30%        2d9       1%          1
b - Ozocubu's Armour      Ice            3%         N/A       21%         3
c - Petrify               Tmut/Erth      9%         N/A       26%         4

Your spell library contained the following spells:

 Spells                   Type           Power      Damage    Failure   Level
 Passwall                 Tmut/Erth      7%         N/A       4%          2
 Freeze                   Ice            12%        1d4       8%          1
 Necrotise                Necr           8%         1d4       9%          1
 Stone Arrow              Conj/Erth      16%        3d8       10%         3
 Dazzling Flash           Conj/Hex       4%         N/A       26%         3
 Vampiric Draining        Necr           2%         2d6       26%         3
 Corpse Rot               Necr/Pois/Air  2%         N/A       61%         4
 Iskenderun's Mystic Bla  Conj/Tloc      2%         2d3       61%         4
 Freezing Cloud           Conj/Ice/Air   1%         6-21      89%         5
 Agony                    Necr           2%         N/A       91%         5
 Dispersal                Tloc           1%         N/A       100%        6
 Starburst                Conj/Fire      1%         6d3       100%        6
 Ozocubu's Refrigeration  Ice            1%         4d7       100%        7
 Disjunction              Tloc           1%         N/A       100%        8


Dungeon Overview and Level Annotations

Branches:
Dungeon (6/15)
 Temple: D:4-7

Altars:
Ashenzari
Cheibriados
Dithmenos
Gozag
Hepliaklqana
Kikubaaqudgha
Makhleb
Okawaru
Qazlal
Trog
Uskayaw
Yredelemnul
Zin

Shops:
D:1 ?   D:3 !

Annotations:
D:6 rlgrobin's ghost, novice HOFi


Innate Abilities, Weirdness & Mutations

You are too large for most types of armour.
You have claws for hands.
Your natural rate of healing is unusually fast.
You are covered in fur. (AC +1)
You have tough skin. (AC +1)


Message History

You hit rlgrobin's ghost but do no damage.
Rlgrobin's ghost hits you!
You barely miss rlgrobin's ghost. Rlgrobin's ghost closely misses you.
You closely miss rlgrobin's ghost. Rlgrobin's ghost hits you!
You hit rlgrobin's ghost but do no damage.
Rlgrobin's ghost hits you.
You hit rlgrobin's ghost but do no damage.
Rlgrobin's ghost hits you!
You hit rlgrobin's ghost but do no damage.
Rlgrobin's ghost hits you!!
* * * LOW HITPOINT WARNING * * *
x2 Rlgrobin's ghost hits you but does no damage.
Hit: w) +5 flail "Kiowkij" {holy, rElec rF+}
Press: ? - help, Dir - move target, f - rlgrobin's ghost
Aim: rlgrobin's ghost, wielding a vorpal weapon (about 27% to evade the +5 flail "Kiowkij")
Okay, then.
As you read the scroll labelled HATE BASYEM, it crumbles to dust.
You assume a fearsome visage.
Rlgrobin's ghost is unaffected.
It was a scroll of fear.
Rlgrobin's ghost hits you.
* * * LOW HITPOINT WARNING * * *
x2
Okay, then.
What are your orders? t - Shout!
Orders for allies: a - Attack new target. r - Retreat! s - Stop attacking. g - Guard the area. f - Follow me.
Anything else - Cancel.
Okay, then.
Okay, then.
Okay, then.
Throw: throwing net
Press: ? - help, Shift-Dir - straight line, f - rlgrobin's ghost
Aim: rlgrobin's ghost, wielding a vorpal weapon (68% to hit, immune to nets)
Okay, then.
Okay, then.
Okay, then.
As you read the scroll labelled UDIAGAM XUAWNY, it crumbles to dust.
You hear the tinkle of a tiny bell.
It was a scroll of butterflies.
Rlgrobin's ghost hits you.
You die...

#..# ##.##........#### #...##...
...# #..##...........###....##..
...## #.................#........
....###........##.......##.......
.....###.<.............#.##....##
.....###.......................##
.....#........bbb####...........#
....#.........bbb#b.#..........##
##...........#bb@Wb8#..........##
.#..........###bb#b.#............
...........## #######.###........
...........# #......####....#
...........# #......# #....#
...........# #......# #....#
.<........#### ###.....# ##...#
...#.........####...>...# ##.##
.........##.....#....#..# ##.#


You could see rlgrobin's ghost (ally target).

Vanquished Creatures
  A troll (D:6)
  The ghost of engelados the Shield-Bearer, an amateur MiFi (D:5)
  Menkaure (D:6)
  Duvessa (D:4)
  A sky beast (D:6)
  2 ogres (D:5)
  A bullfrog (D:6)
  Dowan (D:4)
  5 killer bees (D:4)
  2 hounds
  3 jellies
  Crazy Yiuf (D:6)
  An orc priest (D:4)
  3 iguanas
  An orc wizard (D:3)
  2 adders
  2 ufetubi (D:5)
  3 worms
  A dart slug (D:3)
  10 orcs
  6 ball pythons
  6 endoplasms
  3 giant cockroaches
  8 goblins
  10 hobgoblins
  9 jackals
  5 kobolds
  2 quokkas
  7 bats
  4 frilled lizards
  7 rats
110 creatures vanquished.

Vanquished Creatures (others)
  2 withered plants (D:6)
2 creatures vanquished.

Grand Total: 112 creatures vanquished

Notes
Turn   | Place    | Note
-------+----------+-------------------------------------------
     0 | D:1      | arijan the Troll Earth Elementalist began the quest for the
                  | Orb.
     0 | D:1      | Reached XP level 1. HP: 16/16 MP: 1/1
   108 | D:1      | Found a faded altar of an unknown god.
   150 | D:1      | Found Ykuciski's Magic Scroll Boutique.
   259 | D:1      | Reached XP level 2. HP: 24/24 MP: 0/3
  1295 | D:2      | Reached XP level 3. HP: 32/32 MP: 2/4
  1319 | D:2      | Got the Anthology of Venomous Hoarfrost
  1515 | D:2      | Reached skill level 3 in Earth Magic
  1940 | D:2      | Found an ancient bone altar of Kikubaaqudgha.
  2480 | D:3      | Identified the +5 flail "Kiowkij" {holy, rElec rF+}
  2545 | D:3      | Reached XP level 4. HP: 32/40 MP: 1/5
  2688 | D:3      | Found Hearysk's Distillery.
  2697 | D:3      | Reached skill level 1 in Maces & Flails
  2769 | D:3      | Found the +7 Throatcutter {drain, coup de grace}
  3321 | D:4      | Reached XP level 5. HP: 44/46 MP: 7/7
  3553 | D:4      | Noticed Dowan
  3553 | D:4      | Noticed Duvessa
  3558 | D:4      | Killed Duvessa
  3559 | D:4      | Reached skill level 1 in Fighting
  3565 | D:4      | Killed Dowan
  3566 | D:4      | Reached XP level 6. HP: 29/55 MP: 2/8
  3806 | D:4      | Reached skill level 4 in Earth Magic
  3813 | D:4      | Reached XP level 7. HP: 5/62 MP: 1/9
  4192 | D:4      | Learned a level 3 spell: Ozocubu's Armour
  4490 | D:5      | Entered Level 5 of the Dungeon
  4504 | D:5      | Found a runed translucent door.
  4505 | D:5      | Noticed engelados's ghost (amateur MiFi)
  4901 | D:5      | Killed engelados's ghost
  4902 | D:5      | Reached skill level 1 in Evocations
  5282 | D:5      | Reached XP level 8. HP: 72/72 MP: 8/11
  5358 | D:5      | Found a hazy altar of Hepliaklqana.
  5358 | D:5      | Found a burning altar of Makhleb.
  5420 | D:5      | Found a basalt altar of Yredelemnul.
  5426 | D:5      | Found an iron altar of Okawaru.
  5426 | D:5      | Found a stormy altar of Qazlal.
  5426 | D:5      | Found an opulent altar of Gozag.
  5426 | D:5      | Found a hide-covered altar of Uskayaw.
  5426 | D:5      | Found a shadowy altar of Dithmenos.
  5427 | D:5      | Found a glowing silver altar of Zin.
  5429 | D:5      | Found a broken altar of Ashenzari.
  5430 | D:5      | Found a bloodstained altar of Trog.
  5431 | D:5      | Found a snail-covered altar of Cheibriados.
  5490 | D:5      | Found an ancient bone altar of Kikubaaqudgha.
  5514 | D:5      | Became a worshipper of Qazlal Stormbringer
  5768 | D:6      | Found a runed translucent door.
  5769 | D:6      | Noticed rlgrobin's ghost (novice HOFi)
  6018 | D:6      | Noticed Menkaure
  6026 | D:6      | Killed Menkaure
  6240 | D:6      | Noticed a troll
  6255 | D:6      | Killed a troll
  6256 | D:6      | Reached skill level 5 in Earth Magic
  6342 | D:6      | Found the +18 Lear's hauberk
  6556 | D:6      | Found a runed translucent door.
  6557 | D:6      | Noticed Crazy Yiuf
  6566 | D:6      | Killed Crazy Yiuf
  6622 | D:6      | Learned a level 4 spell: Petrify
  6630 | D:6      | HP: 3/74 [rlgrobin's ghost (4)]
  6631 | D:6      | Slain by rlgrobin's ghost

Illustrated notes

Levels and vault maps discovered:
D:1:      dpeg_arrival_windows_large_door, layout_basic, basic_ecumenical_altar,
          serial_shops, nicolae_shop_statue_plus
D:2:      minmay_spotlight, layout_loops_cross, basic_altar, kennysheep_nub,
          minmay_door_square
D:3:      layout_loops_cross, serial_shops, nicolae_shop_advertising_works
          [nicolae_subvault_shop_adworks]
D:4:      layout_basic, chequers_avenue, uniq_duvessa
D:5:      layout_rooms, minitemple, gammafunk_ghost_grave
D:6:      layout_cave_pools, gammafunk_ghost_grave,
          hellmonk_guarded_unrand_lears, uniq_menkaure, uniq_crazy_yiuf_cottage

Skill      XL: |  1  2  3  4  5  6  7  8 |
---------------+-------------------------+-----
Earth Magic    | 3 4 5 |  5.1
Spellcasting   | 2 3 |  3.4
Maces & Flails | 1 2 3 4 |  4.7
Dodging        | 2 3 |  3.3
Fighting       | 1 2 |  2.5
Evocations     | 1 |  1.6
Stealth        | 2 |  2.1
Transmutations | |  0.7
Ice Magic      | |  0.5

Action                   |  1- 3 |  4- 6 |  7- 9 || total
-------------------------+-------+-------+-------++-------
Melee: Club              |    96 |       |       ||    96
       Unarmed           |     3 |       |       ||     3
       Punch             |     1 |       |       ||     1
       Giant club        |    22 |       |       ||    22
       Flail             |     6 |    59 |    82 ||   147
 Cast: Sandblast         |    57 |    24 |    24 ||   105
       Ozocubu's Armour  |       |       |     5 ||     5
Evoke: Wand              |       |     7 |     9 ||    16
  Use: Scroll            |     5 |     1 |     2 ||     8
 Stab: Sleeping          |       |     1 |       ||     1
       Invisible         |       |     2 |       ||     2
Armor: Robe              |    89 |    38 |    45 ||   172
Dodge: Dodged            |   104 |    58 |    69 ||   231
